 Dungeon Sprint DCSS version 0.17-a0-1181-gabc46e6 (webtiles) character file.

231 Kidiri the Fighter (level 6, -6/44 HPs)
             Began as a Gargoyle Fighter on May 31, 2015.
             Was a Believer of Qazlal.
             Mangled by a two-headed ogre
             ... wielding a +0 giant club
              (17 damage)
             ... in the Dungeon (Sprint V: "Ziggurat Sprint").
             The game lasted 00:02:58 (320 turns).

Kidiri the Fighter (Gargoyle Fighter)                Turns: 320, Time: 00:02:59

Health: -6/44      AC: 33    Str: 33    XL:     6   Next: 4%
Magic:  5/9        EV:  8    Int:  9    God:    Qazlal [**....]
Gold:   0          SH:  2    Dex:  9    Spells: 0 memorised, 5 levels left

rFire  . . .     SeeInvis .     F - +4 Mace of Variability {chaos}
rCold  . . .     Clarity  .     J - +15 Maxwell's patent armour {-Cast -Tele rElec MR+ rCorr}
rNeg   + . .     SustAt   .     (no shield)
rPois  ∞         Gourm    .     (no helmet)
rElec  +         Spirit   .     (no cloak)
rCorr  +         Warding  .     (no gloves)
rMut   .         NoTele   +     (no boots)
MR     +....     NoCast   +     (no amulet)
Stlth  ..........               E - +6 ring of strength
                                D - +6 ring of strength

@: studying Air Magic, somewhat resistant to hostile enchantments, extremely
unstealthy
A: negative energy resistance 1, electricity resistance, unbreathing,
petrification resistance, rot immunity, AC +4
a: Upheaval, Renounce Religion


You were in the Dungeon.
You worshipped Qazlal.
Qazlal was pleased with you.
You were not hungry.

You visited 1 branch

Inventory:

Hand weapons
 F - the +4 Mace of Variability (weapon) {chaos}
   (You found it in the Dungeon)

   Each time it hits an enemy it has a different, random effect.
Armour
 J - the +15 Maxwell's patent armour (worn) {-Cast -Tele rElec MR+ rCorr}
   (You found it in the Dungeon)

   It insulates you from electricity.
   It affects your resistance to hostile enchantments.
   It prevents spellcasting.
   It prevents most forms of teleportation.
   It protects you from acid and corrosion.
Jewellery
 D - a +6 ring of strength (left hand)
 E - a +6 ring of strength (right hand)
Magical devices
 c - a wand of disintegration (7)
 G - a wand of fire (5)
 H - a wand of cold (5)
 I - a wand of draining (5)
Scrolls
 k - 4 scrolls of blinking
 q - 4 scrolls of amnesia
 r - 3 scrolls of recharging
 s - 7 scrolls of fog
 t - a scroll of holy word
 u - 5 scrolls of identify
 v - 5 scrolls of remove curse
 w - 2 scrolls of fear
Potions
 d - 6 potions of might
 f - 10 potions of curing
 g - 10 potions of heal wounds
 h - 6 potions of haste
 i - 7 potions of magic
 j - 3 potions of berserk rage
 l - 2 potions of brilliance
 m - 2 potions of invisibility
 n - 4 potions of resistance
 p - 5 potions of agility
Books
 a - a manual of Air Magic
Comestibles
 e - 5 bread rations
 x - 42 fruits
 z - 4 meat rations


   Skills:
 * Level 8.1 Fighting
 * Level 7.0 Maces & Flails
 * Level 8.1 Armour
   Level 3.2 Shields
 + Level 5.0 Invocations


You had 5 spell levels left.
You didn't know any spells.

Dungeon Overview and Level Annotations

Branches:
Dungeon (1/1)

Altars:
Ashenzari
Cheibriados
Dithmenos
Elyvilon
Fedhas
Gozag
Kikubaaqudgha
Makhleb
Nemelex Xobeh
Okawaru
Qazlal
Ru
Sif Muna
Trog
Vehumet
Xom
Yredelemnul
Zin
The Shining One
Beogh
Jiyva
Lugonu


Innate Abilities, Weirdness & Mutations

You are resistant to torment.
Your stone body is resilient (AC +4).
You are immune to poison.
You resist negative energy.
You are resistant to electric shocks.
You can survive without breathing.
You are immune to petrification.
You are immune to rotting.


Message History

The cyclops hits your two-headed ogre zombie!
Your two-headed ogre zombie is destroyed!
The two-headed ogre hits you but does no damage. x2
You hit the two-headed ogre.
The two-headed ogre is moderately wounded.
The two-headed ogre barely misses you. The two-headed ogre closely misses you.
The two-headed ogre completely misses you.
The two-headed ogre hits you with a giant spiked club!
You hit the two-headed ogre. A chill runs through your body.
The two-headed ogre is lightly wounded.
The cyclops barely misses you. The two-headed ogre barely misses you.
The two-headed ogre hits you but does no damage. x3
Unknown command.
You bludgeon the two-headed ogre!!
The two-headed ogre is almost dead.
The cyclops hits you!!
* * * LOW HITPOINT WARNING * * *
The two-headed ogre hits you but does no damage. x2
The two-headed ogre hits you with a giant club!
You die...

▓▓▓▓▓▓▓▓▓▓▓▓▓▓▓▓▓▓▓
▓.8©8.▓.8©8.▓.8©8.▓
▓.)):.▓.[):.▓.....▓
▓..:..▓.§...▓...).▓
▓.....▓.....▓.....▓
▓.OOC.▓.....▓.....▓
▓..@..▓.....▓.....▓
▓.....▓.....▓▓▓▓▓▓▓
▓▓▓▓▓▓▓▓▓▓▓▓▓


You could see a cyclops and 2 two-headed ogres.

Vanquished Creatures
  A two-headed ogre (D)
  A giant eyeball (D)
  2 oozes (D)
  An ufetubus (D)
  A bat zombie (D)
6 creatures vanquished.

Vanquished Creatures (others)
  2 spatial maelstroms (D)
2 creatures vanquished.

Grand Total: 8 creatures vanquished

Notes
Turn   | Place    | Note
--------------------------------------------------------------
     0 | D        | Kidiri the Gargoyle Fighter began the quest for the Orb.
     0 | D        | Reached XP level 1. HP: 14/14 MP: 1/1
     0 | D        | Found a roughly hewn altar of Beogh.
     0 | D        | Found a corrupted altar of Lugonu.
     0 | D        | Found a viscous altar of Jiyva.
     0 | D        | Found a white marble altar of Elyvilon.
     0 | D        | Found a sparkling altar of Nemelex Xobeh.
     0 | D        | Found a burning altar of Makhleb.
     0 | D        | Found an iron altar of Okawaru.
     0 | D        | Found a deep blue altar of Sif Muna.
     0 | D        | Found a radiant altar of Vehumet.
     0 | D        | Found a bloodstained altar of Trog.
     0 | D        | Found a shimmering altar of Xom.
     1 | D        | Banished a spatial maelstrom
     6 | D        | Banished a spatial maelstrom
    91 | D        | Became a worshipper of Qazlal Stormbringer
   102 | D        | Reached skill level 5 in Fighting
   102 | D        | Reached skill level 5 in Armour
   102 | D        | Reached XP level 2. HP: 18/21 MP: 2/4
   103 | D        | Entered arena 1.
   161 | D        | Entered arena 2.
   161 | D        | Paralysed by a giant eyeball for 3 turns
   166 | D        | Acquired Qazlal's first power
   167 | D        | Reached XP level 3. HP: 23/27 MP: 5/5
   314 | D        | Entered arena 3.
   314 | D        | Noticed a two-headed ogre
   314 | D        | Noticed a cyclops
   314 | D        | Noticed a two-headed ogre
   314 | D        | Noticed a two-headed ogre
   317 | D        | Killed a two-headed ogre
   317 | D        | Acquired Qazlal's second power
   317 | D        | Reached skill level 8 in Fighting
   317 | D        | Reached skill level 5 in Invocations
   317 | D        | Reached XP level 4. HP: 32/35 MP: 5/7
   317 | D        | Reached XP level 5. HP: 35/39 MP: 5/8
   317 | D        | Reached XP level 6. HP: 39/44 MP: 5/9
   320 | D        | Mangled by a two-headed ogre

Vault maps used:
D:        sprint_v

Action                   |  1- 3 |  4- 6 || total
-------------------------+-------+-------++-------
Melee: Great mace        |     9 |     3 ||    12
  Use: Potion            |     1 |       ||     1
